 Dungeon Crawl Stone Soup version 0.24.0-37-gcf1ca852f1 (webtiles) character file.

Game seed: 2080418582870450977, levelgen mode: deterministic

116 Korkiloff the Skirmisher (level 4, 0/37 HPs)
             Began as a Demonspawn Abyssal Knight on Dec 8, 2019.
             Was a Believer of Lugonu.
             Slain by Grinder (5 damage)
             ... while paralysed by Grinder
             ... on level 4 of the Dungeon.
             The game lasted 00:07:03 (2063 turns).

Korkiloff the Skirmisher (DsAK)                     Turns: 2063, Time: 00:07:04

Health: 0/37       AC:  3    Str: 12 (14) XL:     4   Next: 69%
Magic:  15/15      EV:  2    Int: 12 (13) God:    Lugonu [**....]
Gold:   153        SH:  0    Dex: 11 (12) Spells: 3/3 levels left

rFire    + . .     SeeInvis .   a - +1 falchion
rCold    x . .     Gourm    .   (no shield)
rNeg     . . .     Faith    .   b - +0 leather armour
rPois    .         Spirit   .   (helmet restricted)
rElec    .         Reflect  .   (no cloak)
rCorr    .         Harm     .   (no gloves)
MR       .....                  (no boots)
Stlth    +.........             (no amulet)
HPRegen  0.12/turn              e - ring of magical power
MPRegen  0.14/turn              i - ring of fire

@: paralysed
A: horns 1, sturdy frame 1
a: Depart the Abyss, Bend Space, Renounce Religion


You were on level 4 of the Dungeon.
You worshipped Lugonu.
Lugonu was pleased with you.
You were not hungry.

You visited 1 branch of the dungeon, and saw 4 of its levels.
You visited the Abyss 1 time.

You collected 153 gold pieces.

Inventory:

Hand Weapons
 a - a +1 falchion (weapon)
Missiles
 d - 13 sling bullets
 q - 18 poisoned darts (quivered)
Armour
 b - a +0 leather armour (worn)
 h - a +0 helmet
Jewellery
 e - a ring of magical power (left hand)
 i - a ring of fire (right hand)
 o - an uncursed ring of teleportation
 x - a cursed ring of teleportation
Scrolls
 j - 3 scrolls of remove curse
 k - a scroll of blinking {unknown}
 m - a scroll of identify {unknown}
 p - a scroll of fog {unknown}
 r - a scroll of teleportation {unknown}
 u - 2 scrolls of magic mapping {unknown}
 w - 2 scrolls of random uselessness {unknown}
Potions
 t - a potion of degeneration
Comestibles
 c - 5 rations


   Skills:
 + Level 3.8 Fighting
 + Level 3.1 Long Blades
 + Level 2.0 Armour
 + Level 1.4 Dodging
 + Level 0.7 Stealth
 + Level 3.1 Invocations


You had 3 spell levels left.
You didn't know any spells.
Your spell library was empty.

Dungeon Overview and Level Annotations

Branches:
Dungeon (4/15)
 Temple: D:4-7

Altars:
Kikubaaqudgha
Makhleb
Qazlal
Ru
Trog
Xom

Annotations:
D:4 Grinder


Innate Abilities, Weirdness & Mutations

You have a pair of small horns on your head.
Your movements are slightly less encumbered by armour. (ER -2)


Message History

You resist with significant effort.
You slash Grinder! Your headbutt misses Grinder.
Grinder is moderately wounded.
Grinder barely misses you.
You closely miss Grinder.
Grinder is moderately wounded.
Grinder hits you.
You writhe in agony.
You closely miss Grinder. You headbutt Grinder.
Grinder is heavily wounded.
Grinder hits you.
You writhe in agony.
You closely miss Grinder.
Grinder is heavily wounded.
Grinder gestures at you.
You suddenly lose the ability to move!
Grinder says, "There's only one good use for a tongue: cutting it out."
Grinder hits you.
You writhe in agony.
Grinder hits you!
* * * LOW HITPOINT WARNING * * *
Grinder hits you.
You die...

#.#.# #.# #.#.# #.#
##.#.# #.# #....# #.#
########....####.#
#................#
...####.########..######
...!...#..........#
#@########.##
........5.# #.#
...####.#.# #.# #.#.#
#.# ..# # #.# ### #.# ..


You could see Grinder.

Vanquished Creatures
  An iron imp (D:2)
  4 adders
  A dart slug (D:1)
  A leopard gecko (D:3)
  An orc (D:3)
  3 bats (D:1)
  A giant cockroach (D:1)
  6 goblins
  3 hobgoblins
  7 jackals (D:2)
  3 quokkas
  5 frilled lizards
  6 kobolds
  5 rats
47 creatures vanquished.

Notes
Turn   | Place    | Note
-------+----------+-------------------------------------------
     0 | Abyss:1  | Korkiloff the Demonspawn Abyssal Knight began the quest for
                  | the Orb.
     0 | Abyss:1  | Reached XP level 1. HP: 18/18 MP: 2/2
    14 | D:1      | Escaped the Abyss
   137 | D:1      | Gained mutation: Your movements are slightly less
                  | encumbered by armour. (ER -2) [demonic ancestry]
   137 | D:1      | Reached XP level 2. HP: 16/24 MP: 3/3
   364 | D:1      | Reached ** piety under Lugonu
   702 | D:2      | Found a faded altar of an unknown god.
   888 | D:2      | Reached skill level 1 in Dodging
   888 | D:2      | Reached XP level 3. HP: 16/29 MP: 5/5
   896 | D:2      | Found a sacrificial altar of Ru.
   985 | D:2      | Found a shimmering altar of Xom.
   995 | D:2      | Found a bloodstained altar of Trog.
   997 | D:2      | Found a stormy altar of Qazlal.
  1443 | D:2      | Found a burning altar of Makhleb.
  1450 | D:2      | HP: 1/29 [iron imp (3)]
  1462 | D:2      | Gained mutation: You have a pair of small horns on your
                  | head. [demonic ancestry]
  1462 | D:2      | Reached XP level 4. HP: 8/36 MP: 6/6
  1656 | D:3      | Found an ancient bone altar of Kikubaaqudgha.
  1720 | D:3      | HP: 1/36 [adder (1)]
  2056 | D:4      | Noticed Grinder
  2061 | D:4      | Paralysed by Grinder for 4 turns
  2063 | D:4      | Slain by Grinder

Levels and vault maps discovered:
D:1:      roderic_crossed_star, layout_loops_ring, minmay_tetromino_i4
D:2:      layout_loops_ring, grunt_temple_overflow_open,
          nicolae_ru_path_of_blood, makhleb_grotto_becter,
          chequers_ecumenical_altar_grove
D:3:      layout_basic, nicolae_overflow_crystal_walls, elyvilon_altar_3
D:4:      layout_loops_ring, first_ration, moated_statue, uniq_grinder

Skill      XL: |  1  2  3  4 |
---------------+-------------+-----
Long Blades    | 2 3 |  3.1
Armour         | 2 |  2.0
Dodging        | 1 |  1.4
Invocations    | 3 |  3.1
Fighting       | |  3.8
Stealth        | |  0.7

Action                   |  1- 3 |  4- 6 || total
-------------------------+-------+-------++-------
Melee: Falchion          |   113 |    42 ||   155
       Headbutt          |       |     4 ||     4
Throw: Dart              |     3 |       ||     3
Invok: Bend Space        |     2 |       ||     2
  Use: Potion            |     6 |     1 ||     7
       Scroll            |     1 |       ||     1
 Stab: Sleeping          |     2 |     1 ||     3
  Eat: Chunk             |     2 |     2 ||     4
Armor: Leather armour    |    39 |     5 ||    44
Dodge: Dodged            |    47 |    28 ||    75
       Rpst.: Falchion   |    16 |     4 ||    20
